 Dungeon Crawl Stone Soup version 0.31-a0-986-g5e6e4ef867 (webtiles) character file.

Game seed: 14262018368389822323

4301985 Doj the Axe Maniac (level 27, 185/239 HPs)
             Began as a Hill Orc Fighter on Nov 8, 2023.
             Was an Initiate of Gozag.
             Escaped with the Orb
             ... and 7 runes on Nov 10, 2023!
             The game lasted 06:21:45 (94681 turns).

Doj the Axe Maniac (Hill Orc Fighter)              Turns: 94681, Time: 06:21:45

Health: 185/239    AC: 49    Str: 33    XL:     27
Magic:  37/37      EV: 11    Int:  6    God:    Gozag
Gold:   1340       SH: 37    Dex: 10    Spells: 26/26 levels left

rFire   + + +        T - +9 eveningstar (spect)
rCold   + + +        V - +10 tower shield of Ignorance {rN+ Int-4}
rNeg    + . .        s - +15 Maxwell's patent armour {-Cast -Tele rElec Will+ rCorr}
rPois   .            F - +0 hat of the Wumpus {rC++ Int+2 Slay+3 SInv}
rElec   +            B - +2 cloak {Stlth+}
rCorr   +            t - +2 pair of gloves of Suulalol {Rampage Int-3 SInv}
SInv    +            U - +2 pair of boots {rampage}
Will    ++++.        n - amulet of reflection Stlth
                     Q - ring of the Skies Above {*Corrode rF+++ rC+ Will+ Slay+3}
HPRegen 0.59/turn    j - ring of Buodd {Fly Int+3}
MPRegen 0.25/turn

%: no teleportation, no spellcasting, corrode self (3%), reflection, rampage
@: brilliant, mildly poisoned (185 -> 181), flying, very slightly contaminated,
studying Staves
A: iridescent scales 1, cold resistance 2, deterioration 2, frail 1, sense
surroundings 1, screaming 1, inability to drink after injury 1, inability to
read after injury 1, devolution 2
0: Orb of Zot
}: 7/15 runes: barnacled, slimy, silver, obsidian, abyssal, demonic, gossamer
a: Renounce Religion, Potion Petition, Call Merchant, Bribe Branch


You escaped.
You worshipped Gozag.
Gozag was most pleased with you.
You visited 15 branches of the dungeon, and saw 66 of its levels.
You visited Pandemonium 1 time, and saw 4 of its levels.
You visited the Abyss 2 times.
You also visited: Gauntlet and Wizlab.

You collected 39292 gold pieces.
You spent 11499 gold pieces at shops.
You paid 26453 gold pieces to Gozag.

Inventory:

Hand Weapons
 b - a +9 broad axe of freezing
 i - the +2 Maxwell's thermic engine {flame, freeze, rev}
   (You found it in a wizard's laboratory)
 T - a +9 spectral eveningstar (weapon)
 Y - a +9 broad axe of holy wrath
Missiles
 e - 4 throwing nets
 o - 18 boomerangs (quivered)
 N - 8 javelins
 X - 11 silver javelins
Armour
 h - the +1 crystal plate armour of Leapfrog {Will++ rCorr Int-5 Dex+3}
   (You acquired it on level 2 of the Crypt)

   Int-5:     It affects your intelligence (-5).
   Dex+3:     It affects your dexterity (+3).
   Will++:    It greatly increases your willpower.
   rCorr:     It protects you from acid and corrosion.
 s - the +15 Maxwell's patent armour (worn) {-Cast -Tele rElec Will+ rCorr}
   (You found it in a wizard's laboratory)

   rElec:     It insulates you from electricity.
   Will+:     It increases your willpower.
   -Cast:     It prevents spellcasting.
   -Tele:     It prevents most forms of teleportation.
   rCorr:     It protects you from acid and corrosion.
 t - the +2 pair of gloves of Suulalol (worn) {Rampage Int-3 SInv}
   (You found it on level 1 of the Elven Halls)

   Int-3:     It affects your intelligence (-3).
   SInv:      It lets you see invisible.
   Rampage:   It bestows one free step when moving towards enemies.
 B - a +2 cloak of stealth (worn)
 F - the +0 hat of the Wumpus (worn) {rC++ Int+2 Slay+3 SInv}
   (You found it on level 3 of the Depths)

   Int+2:     It affects your intelligence (+2).
   Slay+3:    It affects your accuracy & damage with ranged weapons and melee
   (+3).
   rC++:      It greatly protects you from cold.
   SInv:      It lets you see invisible.
 U - a +2 pair of boots of rampaging (worn)
 V - the +10 tower shield of Ignorance (worn) {rN+ Int-4}
   (You found it on level 7 of the Dungeon)

   Int-4:     It affects your intelligence (-4).
   rN+:       It protects you from negative energy.
Jewellery
 c - the ring "Bumava" {AC+4 Str+3}
   (You acquired it on level 2 of the Lair of Beasts)

   [ring of protection]

   AC+4:      It affects your AC (+4).
   Str+3:     It affects your strength (+3).
 d - the ring "Luigoips" {rPois Int+4 Slay+4}
   (You found it on level 5 of the Pits of Slime)

   [ring of poison resistance]

   Int+4:     It affects your intelligence (+4).
   Slay+4:    It affects your accuracy & damage with ranged weapons and melee
   (+4).
   rPois:     It protects you from poison
 j - the ring of Buodd (right hand) {Fly Int+3}
   (You bought it in a shop on level 2 of the Elven Halls)

   [ring of flight]

   Int+3:     It affects your intelligence (+3).
   Fly:       It grants you flight.
 n - an amulet of reflection (around neck)
 Q - the ring of the Skies Above (left hand) {*Corrode rF+++ rC+ Will+ Slay+3}
   (You bought it in a shop on level 2 of the Orcish Mines)

   [ring of willpower]

   Slay+3:    It affects your accuracy & damage with ranged weapons and melee
   (+3).
   rF+++:     It renders you almost immune to fire.
   rC+:       It protects you from cold.
   Will+:     It increases your willpower.
   *Corrode:  It may corrode you when you take damage.
Wands
 r - a wand of roots (65)
 w - a wand of mindburst (45)
 A - a wand of quicksilver (28)
 J - a wand of charming (43)
 W - a wand of digging (19)
Scrolls
 x - 10 scrolls of fear
 y - 14 scrolls of enchant armour
 C - 4 scrolls of summoning
 D - 3 scrolls of silence
 H - 3 scrolls of immolation
 I - a scroll of fog
 L - 29 scrolls of teleportation
 O - 8 scrolls of revelation
 S - 6 scrolls of blinking
Potions
 f - 7 potions of berserk rage
 g - 10 potions of might
 k - 5 potions of invisibility
 l - 25 potions of curing
 m - 7 potions of cancellation
 p - 6 potions of enlightenment
 u - 12 potions of mutation
 v - 10 potions of attraction
 z - 14 potions of heal wounds
 E - 5 potions of resistance
 G - 10 potions of lignification
Miscellaneous
 a - a phial of floods
 q - a condenser vane (inert)
 M - the horn of Geryon
 P - a phantom mirror (inert)
 R - a box of beasts
 Z - a lightning rod (4/4)


   Skills:
 + Level 25.2 Fighting
 + Level 17.9 Long Blades
 O Level 27 Axes
 + Level 4.1(15.9) Maces & Flails
 + Level 17.5 Throwing
 + Level 23.1 Armour
 + Level 7.5 Dodging
 + Level 23.0 Shields
 - Level 20.3 Invocations
 + Level 20.9 Evocations


You had 26 spell levels left.
You didn't know any spells.
Your spell library contained the following spells:

 Spells                   Type           Power      Damage    Failure   Level
 Apportation              Tloc           0%         N/A       88%         1
 Freeze                   Ice            0%         1d3       88%         1
 Kiss of Death            Conj/Necr      0%         2d5       88%         1
 Necrotise                Necr           0%         1d4       88%         1
 Shock                    Conj/Air       0%         1d3       88%         1
 Slow                     Hex            0%         N/A       88%         1
 Summon Small Mammal      Summ           0%         N/A       88%         1
 Blink                    Tloc           0%         N/A       96%         2
 Cigotuvi's Dreadful Rot  Necr/Pois/Air  0%         N/A       96%         2
 Ensorcelled Hibernation  Hex/Ice        0%         N/A       96%         2
 Jinxbite                 Hex            0%         N/A       96%         2
 Lesser Beckoning         Tloc           0%         N/A       96%         2
 Momentum Strike          Conj/Tloc      0%         3d8       96%         2
 Passwall                 Tmut/Erth      0%         N/A       96%         2
 Sublimation of Blood     Necr           0%         N/A       96%         2
 Wereblood                Tmut           0%         N/A       96%         2
 Call Canine Familiar     Summ           0%         N/A       99%         3
 Confusing Touch          Hex            0%         N/A       99%         3
 Dazzling Flash           Conj/Hex       0%         N/A       99%         3
 Frozen Ramparts          Ice            0%         1d1       99%         3
 Hailstorm                Conj/Ice       0%         3d3       99%         3
 Ignite Poison            Fire/Tmut/Pois 0%         N/A       99%         3
 Inner Flame              Hex/Fire       0%         N/A       99%         3
 Mephitic Cloud           Conj/Pois/Air  0%         N/A       99%         3
 Sigil of Binding         Hex            0%         N/A       99%         3
 Summon Guardian Golem    Hex/Summ       0%         N/A       99%         3
 Swiftness                Air            0%         N/A       99%         3
 Tukima's Dance           Hex            0%         N/A       99%         3
 Vampiric Draining        Necr           0%         2d6       99%         3
 Volatile Blastmotes      Fire/Tloc      0%         2d10      99%         3
 Airstrike                Air            0%         2d(0-16)  100%        4
 Anguish                  Hex/Necr       0%         N/A       100%        4
 Animate Armour           Summ/Erth      0%         N/A       100%        4
 Brom's Barrelling Bould  Conj/Erth      0%         2d3       100%        4
 Cause Fear               Hex            0%         N/A       100%        4
 Dimensional Bullseye     Hex/Tloc       0%         N/A       100%        4
 Dispel Undead            Necr           0%         3d6       100%        4
 Iskenderun's Mystic Bla  Conj/Tloc      0%         2d3       100%        4
 Leda's Liquefaction      Hex/Erth       0%         N/A       100%        4
 Manifold Assault         Tloc           0%         N/A       100%        4
 Summon Ice Beast         Ice/Summ       0%         N/A       100%        4
 Summon Lightning Spire   Summ/Air       0%         N/A       100%        4
 Vhi's Electric Charge    Tloc/Air       0%         N/A       100%        4
 Alistair's Intoxication  Tmut/Pois      0%         N/A       100%        5
 Borgnjor's Vile Clutch   Necr/Erth      0%         N/A       100%        5
 Fireball                 Conj/Fire      0%         3d3       100%        5
 Freezing Cloud           Conj/Ice/Air   0%         6-21      100%        5
 Irradiate                Conj/Tmut      0%         3d11      100%        5
 Iskenderun's Battlesphe  Conj           0%         2d6       100%        5
 Lee's Rapid Deconstruct  Erth           0%         3d4*      100%        5
 Yara's Violent Unravell  Hex/Tmut       0%         3d3       100%        5
 Bombard                  Conj/Erth      0%         9d1       100%        6
 Conjure Ball Lightning   Conj/Air       0%         3x3d6     100%        6
 Death Channel            Necr           0%         N/A       100%        6
 Starburst                Conj/Fire      0%         6d3       100%        6
 Enfeeble                 Hex            0%         N/A       100%        7
 Haunt                    Necr/Summ      0%         N/A       100%        7
 Orb of Destruction       Conj           0%         9d5       100%        7
 Spellforged Servitor     Conj/Summ      0%         N/A       100%        7
 Summon Hydra             Summ           0%         N/A       100%        7
 Borgnjor's Revivificati  Necr           0%         N/A       100%        8
 Infestation              Necr           0%         N/A       100%        8
 Maxwell's Capacitive Co  Air            0%         ∞         100%        8
 Death's Door             Necr           0%         N/A       100%        9
 Dragon's Call            Summ           0%         N/A       100%        9
 Animate Dead             Necr           Unusable   N/A       N/A         4
 Simulacrum               Ice/Necr       Unusable   N/A       N/A         6

Dungeon Overview and Level Annotations

Branches:
Dungeon (15/15)            Temple (1/1) D:7            Lair (5/5) D:9
 Shoals (4/4) Lair:3       Spider (4/4) Lair:2        Slime (5/5) Lair:4
    Orc (2/2) D:11            Elf (3/3) Orc:2        Vaults (5/5) D:14
  Crypt (3/3) Vaults:2       Tomb (0/3) Crypt:3      Depths (4/4) D:15
   Hell (visited)             Dis (0/7) Hell            Geh (7/7) Hell
    Coc (2/7) Hell            Tar (0/7) Hell            Zot (5/5) Depths:4
 WizLab (visited)         Gauntlet (visited)

Altars:
Ashenzari
Cheibriados
Dithmenos
Elyvilon
Fedhas
Gozag
Hepliaklqana
Kikubaaqudgha
Makhleb
Nemelex Xobeh
Okawaru
Qazlal
Ru
Sif Muna
Trog
Uskayaw
Vehumet
Wu Jian
Xom
Yredelemnul
Zin
The Shining One
Jiyva

Shops:
D:3 [?   Orc:2 **=:=   Elf:2 =   Elf:3 **   Shoals:3 =   Vaults:1 [
Vaults:4 :   Vaults:5 :[:=!!??!?!   Depths:3 ([(

Portals:
Hell: Depths:1 Depths:2 Depths:3 Depths:4
Abyss: Depths:1 Depths:2 Depths:3 Depths:4
Pandemonium: Depths:2 Depths:3
Ziggurat: Depths:3

Annotations:
D:3 1 runed translucent door, promet's ghost, amateur HOFi
D:7 2 transporters, Fodor's ghost, novice MiFi
D:11 1 runed translucent door, R007833r's ghost, journeyman GnSh
Lair:5 2 transporters, Runia's ghost, journeyman DjAE
Shoals:2 1 runed translucent door, Onluw's ghost, adept DsWn
Shoals:4 1 transporter
Orc:1 2 transporters, Phlounder's ghost, journeyman DjFi
Orc:2 1 runed translucent door, jpeg9000's ghost, journeyman TrSh
Depths:4 3 runed translucent doors, Ytsage's ghost, veteran GnWn
Zot:4 1 runed translucent door, Pessaschasee's ghost, legendary HOFi


Innate Abilities, Weirdness & Mutations

You are partially covered in iridescent scales. (AC +2)
Your flesh is very cold resistant. (rC++)
Your body often deteriorates upon taking damage.
You are frail. (-10% HP)
You passively map a small area around you.
You occasionally shout uncontrollably at your foes.
You occasionally lose the ability to drink potions when taking damage.
You occasionally lose the ability to read scrolls when taking damage.
You have terrible hidden genetic defects.


Message History

[b] - 784 gold - heal wounds, curing, haste and resistance [c] - 399 gold - haste, brilliance and heal wounds Purchase which effect?
You feel yourself speed up.
You feel clever all of a sudden.
You feel much better.
You block the demonspawn black sun's attack.
The demonspawn black sun prays to Kikubaaqudgha.
The orange demon begins absorbing vital energies!
The demonspawn black sun begins absorbing vital energies!
The soul eater begins absorbing vital energies!
The demonspawn black sun mumbles some strange prayers to Kikubaaqudgha against you.
The bolt of negative energy misses you.
There is an escape hatch in the ceiling here.
A mysterious force pulls you upwards. The hatch slams shut behind you.
Unknown command.
A green death comes into view.
Your extra speed is starting to run out.
The green death gestures at you. The poison arrow hits you!!
You are poisoned.
You feel very sick.
You feel very sick.
An ice devil comes into view.
You feel very sick.
You feel sick.
You feel yourself slow down.
You feel sick. The green death gestures at you. The poison arrow hits you.
You are more poisoned.
You feel extremely sick.
You feel very sick.
You feel very sick.
You feel very sick.
You feel very sick.
You feel sick.
There is a staircase leading out of the dungeon here.
You feel sick.
You have escaped!

.......##.#............#####)####
.......##...>..##..######.....)..
....).....########.# #..........
........#.# #.## #..........
..........# ##.# #..........
..........#######.## #.####.##..
...........#.#.###.# #.......#..
..........#.#.#.#.## ###........
.....2....######@#######..##.##..
..........# ##.#.#.#.##.###.##..
..........# #.###.#.#.....#.####
..........# ##.#######......#
.........4# #.## #......#
.#........# ##.# #......#
.#####...#####.## ####......#
.#####..###....# #[........#
(.......# #...## #......[..#


There were no monsters in sight!

Vanquished Creatures
  Asmodeus (Geh:7)
  Dissolution (Slime:5)
  the Royal Jelly (Slime:5)
  the Serpent of Hell (Geh:7)
  Khufu (Crypt:3)
  An orb of fire (Zot:1)
  2 dread liches
  Mara (Vaults:5)
  Josephina (Zot:4)
  Vv (Depths:3)
  Margery (Vaults:5)
  Xtahua (Vaults:3)
  3 curse toes
  9 golden dragons
  Geryon (Hell)
  Norris (Vaults:3)
  3 bone dragons
  2 profane servitors
  2 doom hounds (Crypt:3)
  18 Brimstone Fiends
  2 Tzitzimimeh (Pan)
  3 electric golems
  7 hellephants
  19 tentacled monstrosities
  Rupert (Spider:1)
  An Ice Fiend (Pan)
  Mlioglotl (Spider:2)
  8 Orb Guardians
  Jorgrun (Elf:2)
  3 pandemonium lords
  Zenata (Elf:1)
  3 deep elf blademasters
  4 liches
  Grunn (Crypt:3)
  6 Hell Sentinels (Pan)
  3 titans (Vaults:5)
  5 quicksilver dragons
  18 acid blobs
  2 deep elf master archers (Elf:3)
  A kraken (Shoals:1)
  17 searing wretches
  The ghost of jestert79 the Spry, an adept DjFE of Hepliaklqana (Elf:3)
  8 tentacled starspawn
  8 death cobs
  5 sphinxes
  4 ancient champions
  13 storm dragons
  3 Executioners (Pan)
  Kirke (Spider:1)
  Donald (Vaults:1)
  Agnes (Elf:1)
  14 shadow dragons
  5 tengu reavers
  4 draconian monks
  11 rockslimes
  Aizul (Vaults:1)
  A nargun (Coc:1)
  4 draconian knights
  16 azure jellies
  17 vault wardens
  An azure jelly (shapeshifter) (Depths:4)
  A demonspawn warmonger (Pan)
  A revenant (Crypt:3)
  A daeva (Abyss:3)
  3 frost giants
  3 deep elf sorcerers
  4 draconian scorchers
  25 balrugs
  27 fire giants
  3 iron dragons
  4 deep elf elementalists (Elf:3)
  Louise (Elf:2)
  5 emperor scorpions
  A curse skull (Crypt:1)
  A shard shrike simulacrum (Coc:2)
  3 ghost moths
  An angel (WizLab)
  4 demonspawn corrupters (Pan)
  A caustic shrike zombie (Depths:1)
  3 draconian shifters
  6 war gargoyles
  11 ghouls
  An orc warlord (Vaults:4)
  2 draconian stormcallers
  8 draconian annihilators
  11 broodmothers
  8 quicksilver oozes
  3 cacodemons
  15 ironbound preservers
  7 reapers
  13 stone giants
  7 formless jellyfish
  19 very ugly things
  A caustic shrike skeleton (Crypt:2)
  9 ironbound thunderhulks
  7 vampire knights
  A demonspawn black sun (Pan)
  2 elemental wellsprings (Coc:1)
  7 deep elf demonologists
  A lorocyproca (Pan)
  4 black draconians
  8 red draconians
  4 deep elf annihilators
  5 green draconians
  5 spark wasps
  Azrael (Elf:1)
  9 white draconians
  4 yellow draconians
  A minotaur (Gauntlet)
  16 dire elephants
  2 wendigos
  18 ettins
  8 purple draconians
  An eidolon (Crypt:1)
  3 blizzard demons
  8 entropy weavers
  14 deep elf death magi
  6 merfolk javelineers
  10 fire dragons
  24 jiangshi
  11 merfolk impalers
  7 green deaths
  5 deep elf high priests
  13 yaktaur captains
  2 mummy priests (Crypt:3)
  13 great orbs of eyes
  Fannar (Lair:1)
  6 hydras
  2 ogre magi
  30 vault guards
  10 peacekeepers (WizLab)
  5 spriggan air magi
  A juggernaut simulacrum (Coc:2)
  21 salamander tyrants
  A rakshasa (Abyss:2)
  4 ice dragons
  A jorogumo (Spider:1)
  A hell beast (Pan)
  10 radroaches
  13 centaur warriors
  2 ghost crabs (Spider:4)
  7 merfolk avatars
  A sphinx zombie (Depths:1)
  9 stokers
  An alligator snapping turtle (shapeshifter) (Vaults:5)
  7 two-headed ogres
  8 ironbound frosthearts
  40 dancing weapons
  2 catoblepae
  4 death yaks
  A sphinx skeleton (Depths:1)
  6 death knights
  3 satyrs
  3 alligator snapping turtles
  2 deep troll shamans (Depths:1)
  13 boulder beetles
  8 demonic crawlers
  9 deep troll earth magi
  43 hell hogs
  7 thrashing horrors
  3 vampire magi (Crypt:2)
  3 spectral dire elephants
  3 orc high priests (Orc:2)
  27 large abominations
  5 occultists
  33 hell knights
  27 sun demons
  A shock serpent (shapeshifter) (Depths:3)
  3 spriggans
  19 deep elf knights
  11 wretched stars
  20 soul eaters
  2 spectral death yaks (Lair:5)
  9 spriggan berserkers
  A storm dragon zombie (Crypt:2)
  10 skysharks
  31 skeletal warriors
  8 iron trolls
  2 sun moths
  8 pharaoh ants
  A titan skeleton (Crypt:2)
  A bunyip zombie (Crypt:2)
  8 sixfirhies
  A golden dragon zombie (Crypt:2)
  A spectral anaconda (Lair:5)
  10 orb spiders
  An anaconda zombie (Hell)
  A bog body (Crypt:2)
  2 spatial maelstroms
  4 orange crystal statues (D:7)
  10 flayed ghosts
  2 quicksilver dragon simulacra
  11 glowing orange brains
  A death drake (Abyss:2)
  48 deep trolls
  A tengu zombie (Depths:1)
  11 phantasmal warriors
  3 shadow demons (Pan)
  9 arcanists
  13 sea snakes
  6 lindwurms (Vaults:4)
  23 necromancers
  2 alligator zombies (Hell)
  9 orc knights
  2 obsidian statues
  26 harpies
  16 ironbound convokers
  A bunyip skeleton (Abyss:1)
  36 deep elf pyromancers
  5 orc sorcerers (Orc:2)
  9 steelbarb worms
  7 deep elf archers
  An anaconda skeleton (Hell)
  29 wolf spiders
  6 shining eyes
  4 cyclopes
  39 ugly things
  30 deep elf zephyrmancers
  2 salamanders
  A spectral centaur (Crypt:3)
  15 manticores
  10 fauns
  14 vault sentinels
  A wolf spider (shapeshifter) (Vaults:5)
  An alligator skeleton (Hell)
  23 elephants
  2 guardian serpents (Depths:3)
  A frost giant skeleton (Depths:1)
  3 worldbinders
  10 apocalypse crabs
  3 merfolk sirens (Shoals:4)
  A dire elephant zombie (Lair:5)
  34 moths of wrath
  A black mamba (shapeshifter) (Abyss:2)
  6 water nymphs
  8 rust devils
  A titan simulacrum (Coc:1)
  A dire elephant skeleton (Crypt:3)
  2 human skeletons (Vaults:3)
  11 molten gargoyles
  9 orange demons
  2 naga magi (Depths:3)
  9 black mambas
  9 torpor snails
  2 storm dragon simulacra
  13 cane toads
  An unseen horror (shapeshifter) (D:12)
  6 gargoyles (WizLab)
  A centaur skeleton (Crypt:2)
  2 bunyip simulacra
  17 smoke demons
  2 kobold demonologists
  10 hellions
  6 tormentors
  2 minotaur zombies (Gauntlet)
  2 sea snake zombies (Hell)
  An efreet (Abyss:3)
  9 komodo dragons
  6 rime drakes
  8 ancient zymes
  14 freezing wraiths
  2 unseen horrors
  A yaktaur (shapeshifter) (Vaults:5)
  29 yaktaurs
  8 ice devils
  A black draconian skeleton (Crypt:2)
  A tengu conjurer (Depths:3)
  A hydra zombie (Hell)
  2 anaconda simulacra
  3 red devils
  A death yak skeleton (Crypt:2)
  A harpy zombie (Crypt:2)
  5 guardian mummies (Crypt:3)
  4 meliai
  A queen bee (D:13)
  A death drake zombie (Crypt:1)
  8 wind drakes
  23 hornets
  A meliai (shapeshifter) (Elf:1)
  5 trolls
  7 hellwings
  25 merfolk
  5 tyrant leeches (Spider:4)
  3 harpy skeletons
  36 tarantellas
  3 polar bears
  16 raiju
  3 glass eyes
  5 snapping turtles
  2 spectral elephants (Lair:5)
  23 blink frogs
  A blink frog (shapeshifter) (Elf:3)
  A dream sheep (shapeshifter) (Vaults:5)
  17 dream sheep
  An ice dragon zombie (Crypt:2)
  59 flying skulls
  A centaur simulacrum (Coc:1)
  42 jumping spiders
  95 slime creatures
  2 ettin zombies (Crypt:2)
  Sigmund (D:6)
  42 culicivoras
  16 ynoxinuls
  An elf zombie (Vaults:3)
  5 shadows
  A vampire (D:11)
  16 water elementals
  A dire elephant simulacrum (Lair:5)
  37 starcursed masses
  3 hogs (Spider:1)
  13 wraiths
  5 wyverns
  8 fire elementals
  A hog (shapeshifter) (Abyss:2)
  4 air elementals
  2 alligator snapping turtle simulacra (Coc:1)
  10 neqoxecs
  2 basilisks
  59 redbacks
  2 fire bats (Abyss:1)
  3 golden eyes (Slime:5)
  66 yaks
  7 humans
  3 death yak simulacra (Lair:5)
  15 vampire mosquitoes
  3 chaos spawn
  Menkaure (D:5)
  8 harpy simulacra
  An ogre zombie (Vaults:3)
  A warg (Vaults:5)
  A spatial vortex (Abyss:2)
  2 acid dragons (D:12)
  A hydra simulacrum (Hell)
  8 hell hounds
  14 water moccasins
  2 moth of wrath simulacra (Zot:4)
  2 ettin simulacra
  7 ice beasts
  23 orc warriors
  A black bear (D:6)
  An elephant zombie (Lair:5)
  20 small abominations
  3 sky beasts
  16 wolves
  A dream sheep skeleton (Crypt:2)
  4 ogres
  18 centaurs
  3 elephant skeletons (Lair:5)
  A phantom (D:5)
  A yaktaur zombie (Crypt:1)
  A human zombie (Vaults:3)
  A kobold brigand (D:10)
  Blork the orc (D:5)
  4 gnoll sergeants
  20 bullfrogs
  6 necrophages
  31 scorpions
  A scorpion (shapeshifter) (Vaults:5)
  6 earth elementals
  A cane toad simulacrum (Lair:5)
  14 wights
  2 elephant simulacra (Lair:5)
  A queen bee zombie (Crypt:2)
  A polar bear zombie (Crypt:1)
  41 killer bees
  9 electric eels
  2 howler monkeys
  2 vampire bats (D:7)
  4 lava snakes (Lair:5)
  2 crimson imps (Gauntlet)
  4 hounds
  4 jellies
  4 quasits
  15 orc priests
  3 iron imps
  5 iguanas
  2 sleepcaps
  20 orc wizards
  7 hell rats (Hell)
  2 lightning spires (WizLab)
  A deep dwarf zombie (Crypt:2)
  14 gnolls
  7 adders
  2 white imps
  7 ufetubi
  An adder skeleton (Crypt:1)
  A lava snake skeleton (Crypt:2)
  2 worms
  4 dart slugs
  54 orcs
  10 ball pythons
  A bat zombie (Crypt:1)
  4 endoplasms
  4 giant cockroaches
  11 hobgoblins
  2 jackals (D:4)
  3 quokkas
  A ball python zombie (Crypt:2)
  13 bats
  6 frilled lizards
  17 goblins
  10 kobolds
  4 rats (D:1)
  4 creeping infernos
  2 fire vortices (Geh:7)
  7 starspawn tentacles
  4 tentacles (Shoals:1)
3214 creatures vanquished.

Vanquished Creatures (collateral kills)
  3 orbs of fire (Zot:5)
  A Killer Klown (Zot:5)
  5 Orb Guardians (Zot:5)
  A draconian monk (Zot:5)
  A shadow dragon (Zot:5)
  A draconian shifter (Zot:5)
  A green draconian (Zot:5)
  2 guardian mummies (Crypt:3)
  2 chaos spawn (D:5)
17 creatures vanquished.

Vanquished Creatures (others)
  A dread lich (Zot:5)
  An orb of fire (Zot:5)
  An ancient lich (Zot:5)
  2 Killer Klowns (Zot:5)
  A pandemonium lord (Pan)
  An electric golem (Zot:5)
  8 Orb Guardians (Zot:5)
  An eldritch tentacle (Abyss:3)
  A fire giant (Vaults:5)
  A ghost moth (Spider:4)
  A shard shrike simulacrum (Coc:1)
  A demonspawn black sun (Zot:5)
  A green draconian (Zot:5)
  A red draconian (Zot:5)
  A deep elf knight (Elf:2)
  A shadow wraith (Vaults:5)
  A deep elf pyromancer (Elf:1)
  A wolf spider (Spider:4)
  3 moths of wrath (Zot:5)
  A smoke demon (Abyss:2)
  A freezing wraith (Crypt:3)
  A water elemental (Elf:3)
  3 humans
  A small abomination (Abyss:2)
  A white draconian simulacrum (Zot:4)
  A hell hound (Elf:1)
  An ettin simulacrum (Coc:1)
  A lava snake (Lair:5)
  A starcursed mass (Abyss:3)
  A creeping inferno (Geh:7)
  A lurking horror (Abyss:2)
  9 spectral weapons
  10 starspawn tentacles
  12 tentacles (Shoals:1)
74 creatures vanquished.

Grand Total: 3305 creatures vanquished

Notes
Turn   | Place    | Note
-------+----------+-------------------------------------------
     0 | D:1      | Doj the Hill Orc Fighter began the quest for the Orb.
     0 | D:1      | Reached XP level 1. HP: 19/19 MP: 1/1
    16 | D:1      | Reached skill level 3 in Axes
   132 | D:2      | Found a faded altar of an unknown god.
   155 | D:1      | Reached XP level 2. HP: 20/26 MP: 2/2
   162 | D:1      | Reached skill level 4 in Axes
   335 | D:1      | Reached XP level 3. HP: 31/31 MP: 3/3
   691 | D:1      | Reached skill level 5 in Axes
  1032 | D:2      | Reached XP level 4. HP: 38/39 MP: 4/4
  1202 | D:3      | Found a runed translucent door.
  1202 | D:3      | Noticed promet's ghost (amateur HOFi)
  1843 | D:3      | Found a broken altar of Ashenzari.
  1844 | D:3      | Found a bloodstained altar of Trog.
  1850 | D:3      | Reached skill level 6 in Axes
  2106 | D:3      | Reached XP level 5. HP: 40/45 MP: 5/5
  2419 | D:3      | Reached skill level 7 in Axes
  2479 | D:3      | Found Vasanka's Armour Boutique.
  2486 | D:3      | Bought a +2 helmet of intelligence for 215 gold pieces
  2642 | D:3      | Found The Oracle's Delphic Readings.
  2648 | D:3      | Bought a scroll of identify for 22 gold pieces
  2934 | D:5      | Entered Level 5 of the Dungeon
  2944 | D:4      | Reached skill level 8 in Axes
  2944 | D:4      | Reached XP level 6. HP: 51/51 MP: 6/6
  3509 | D:5      | Reached skill level 9 in Axes
  3564 | D:5      | Noticed Menkaure
  3574 | D:5      | Killed Menkaure
  3575 | D:5      | Reached XP level 7. HP: 9/57 MP: 7/7
  3765 | D:5      | Reached skill level 10 in Axes
  4056 | D:5      | Reached skill level 11 in Axes
  4675 | D:6      | Reached XP level 8. HP: 60/64 MP: 8/8
  4775 | D:6      | Noticed Blork the orc
  4799 | D:5      | Killed Blork the orc
  4800 | D:5      | Reached skill level 12 in Axes
  4996 | D:6      | Noticed a boulder beetle
  5011 | D:6      | Killed a boulder beetle
  5012 | D:6      | Reached skill level 14 in Axes
  5132 | D:6      | Reached XP level 9. HP: 59/70 MP: 9/9
  5177 | D:6      | Noticed Sigmund
  5203 | D:6      | Killed Sigmund
  5204 | D:6      | Reached skill level 15 in Axes
  5720 | D:7      | Found a runed translucent door.
  5725 | D:7      | Found the +10 tower shield of Ignorance {rN+ Int-4}
  5728 | D:7      | Noticed an orange crystal statue
  5740 | D:7      | Found a runed translucent door.
  5746 | D:7      | Found a transporter.
  6074 | D:6      | Reached skill level 1 in Evocations
  6614 | D:3      | Bought a +0 pair of gloves for 45 gold pieces
  6749 | D:7      | Noticed a brown ugly thing
  6749 | D:7      | Noticed Fodor's ghost (novice MiFi)
  6774 | D:7      | Found a staircase to the Ecumenical Temple.
  6783 | Temple   | Entered the Ecumenical Temple
  6792 | Temple   | Became a worshipper of Gozag Ym Sagoz the Greedy
  7170 | D:7      | Found a transporter.
  7493 | D:7      | Reached skill level 5 in Fighting
  7534 | D:7      | Reached XP level 10. HP: 81/81 MP: 10/10
  7643 | D:7      | Reached skill level 16 in Axes
  7730 | D:7      | Found a glowing golden altar of the Shining One.
  7784 | D:8      | Reached skill level 5 in Armour
  7784 | D:8      | Reached skill level 5 in Shields
  8331 | D:8      | Noticed a two-headed ogre
  8339 | D:8      | Killed a two-headed ogre
  9044 | D:9      | Noticed a two-headed ogre
  9049 | D:9      | Killed a two-headed ogre
  9243 | D:9      | Identified the ring "Nusent" {Fire rPois Str+3 Dex+3}
  9508 | D:9      | Reached XP level 11. HP: 92/92 MP: 11/11
  9653 | D:10     | Entered Level 10 of the Dungeon
 10050 | D:9      | Reached skill level 5 in Evocations
 10123 | D:9      | Found a staircase to the Lair.
 10962 | D:10     | Reached skill level 17 in Axes
 12620 | D:11     | Noticed a purple ugly thing
 12652 | D:12     | Noticed a manticore
 12780 | D:11     | Killed a purple ugly thing
 12781 | D:11     | Reached XP level 12. HP: 88/103 MP: 12/12
 13270 | D:11     | Found a runed translucent door.
 13272 | D:11     | Noticed R007833r's ghost (journeyman GnSh)
 13914 | D:11     | Found a staircase to the Orcish Mines.
 15137 | D:12     | Noticed a two-headed ogre
 15147 | D:12     | Killed a two-headed ogre
 15776 | D:12     | Noticed a boulder beetle
 15805 | D:12     | Killed a boulder beetle
 15806 | D:12     | Reached skill level 18 in Axes
 16124 | D:13     | Noticed a two-headed ogre
 16143 | D:13     | Killed a two-headed ogre
 16144 | D:13     | Reached skill level 10 in Fighting
 16358 | D:13     | Noticed a boulder beetle
 16364 | D:13     | Killed a boulder beetle
 16434 | D:13     | Noticed a centaur warrior
 16444 | D:13     | Killed a centaur warrior
 17082 | D:13     | Reached XP level 13. HP: 108/114 MP: 13/13
 18470 | D:14     | Reached skill level 10 in Armour
 18470 | D:14     | Reached skill level 10 in Shields
 18758 | D:15     | Entered Level 15 of the Dungeon
 19103 | D:14     | Identified the amulet of Xuuf Seebeof {RegenMP Drain rC+
                  | Dex+7 Slay+2}
 19607 | D:14     | Noticed a vault guard
 19607 | D:14     | Noticed a vault guard
 19607 | D:14     | Noticed a vault guard
 19922 | D:15     | Found a staircase to the Depths.
 19922 | D:15     | Noticed a dire elephant
 19924 | D:15     | Noticed an emperor scorpion
 20067 | Lair:1   | Entered Level 1 of the Lair of Beasts
 20154 | Lair:1   | Reached skill level 19 in Axes
 20203 | Lair:1   | Paralysed by a hornet for 3 turns
 20429 | Lair:1   | Noticed Fannar
 20450 | Lair:1   | Killed Fannar
 21213 | Lair:1   | Reached XP level 14. HP: 113/125 MP: 14/14
 21528 | Lair:2   | Found a hole to the Spider Nest.
 22557 | Lair:3   | Found a gate leading to a gauntlet.
 22565 | Gauntlet | Entered a Gauntlet
 22565 | Gauntlet | Found a transporter.
 22576 | Gauntlet | Found a transporter.
 22577 | Gauntlet | Found a transporter.
 22578 | Gauntlet | Found a transporter.
 22586 | Gauntlet | Found a transporter.
 22588 | Gauntlet | Found a transporter.
 22589 | Gauntlet | Found a transporter.
 22596 | Gauntlet | Noticed a dire elephant
 22600 | Gauntlet | Found a transporter.
 22601 | Gauntlet | Found a transporter.
 22605 | Gauntlet | Found a transporter.
 22609 | Gauntlet | Found a transporter.
 22612 | Gauntlet | Found a transporter.
 22613 | Gauntlet | Found a transporter.
 22617 | Gauntlet | Found a runed translucent door.
 22618 | Gauntlet | Noticed a dire elephant
 22619 | Gauntlet | Found a runed translucent door.
 22621 | Gauntlet | Found a transporter.
 22851 | Gauntlet | Killed a dire elephant
 23217 | Gauntlet | Killed a dire elephant
 23318 | Gauntlet | Reached skill level 10 in Evocations
 24955 | D:7      | Identified 2 scrolls of acquirement
 25287 | Lair:2   | Acquired the ring "Bumava" {AC+4 Str+3}
 25291 | Lair:2   | Acquired 712 gold pieces
 26214 | Lair:4   | Reached skill level 20 in Axes
 26327 | Lair:4   | Reached XP level 15. HP: 130/135 MP: 15/15
 26387 | Lair:5   | Entered Level 5 of the Lair of Beasts
 26478 | Lair:4   | Found a staircase to the Slime Pits.
 26523 | Lair:4   | Found a viscous altar of Jiyva.
 26779 | Lair:4   | Reached skill level 1 in Throwing
 27915 | Lair:5   | Noticed Runia's ghost (journeyman DjAE)
 27922 | Lair:5   | Found a transporter.
 28251 | Lair:5   | Found a transporter.
 29004 | Lair:5   | Reached XP level 16. HP: 146/146 MP: 16/16
 29021 | Lair:5   | Identified the +3 pair of gloves "Koneteaz" {rElec rF-
                  | Str+2 Dex+4}
 29752 | Spider:1 | Identified the "Ikaugot"
 29752 | Spider:1 | Entered Level 1 of the Spider Nest
 29976 | Spider:1 | Reached skill level 21 in Axes
 30632 | Spider:1 | Reached skill level 5 in Throwing
 30670 | Spider:1 | Noticed Kirke
 30679 | Spider:1 | Killed Kirke
 31785 | Spider:1 | Noticed Rupert
 31797 | Spider:1 | Killed Rupert
 31802 | Spider:1 | Reached skill level 15 in Fighting
 32207 | Spider:2 | Reached XP level 17. HP: 74/156 MP: 17/17
 33319 | Spider:2 | Noticed Mlioglotl
 33329 | Spider:2 | Killed Mlioglotl
 34331 | Spider:3 | Identified the amulet of Disaster {Drain Regen+ Dex+6}
 34485 | Spider:4 | Entered Level 4 of the Spider Nest
 35045 | Spider:3 | Reached skill level 22 in Axes
 36121 | Spider:4 | Reached XP level 18. HP: 143/166 MP: 18/18
 37134 | Spider:4 | Reached skill level 15 in Armour
 37599 | Spider:4 | Reached skill level 15 in Shields
 37603 | Spider:4 | Got a gossamer rune of Zot
 38108 | Shoals:1 | Identified the "Baine"
 38108 | Shoals:1 | Entered Level 1 of the Shoals
 38143 | Shoals:2 | Found a runed translucent door.
 38239 | Shoals:1 | Identified the +5 chain mail of the Blind Marksman {rElec
                  | Will+}
 39160 | Shoals:1 | Paralysed by you for 4 turns
 40089 | Shoals:2 | Noticed Onluw's ghost (adept DsWn)
 40839 | Shoals:3 | Found Leesk's Jewellery Emporium.
 40850 | Shoals:3 | Bought the ring "Eriofoi" {rF- AC+4 Str+3 Dex+2 Slay+4} for
                  | 1202 gold pieces
 41028 | Shoals:3 | Reached XP level 19. HP: 174/174 MP: 19/19
 41497 | Shoals:4 | Entered Level 4 of the Shoals
 41583 | Shoals:4 | Reached skill level 23 in Axes
 42260 | Shoals:4 | Found a transporter.
 42261 | Shoals:4 | Found a transporter.
 42506 | Shoals:4 | Got a barnacled rune of Zot
 42582 | Shoals:4 | Found a transporter.
 42584 | Shoals:4 | Found a transporter.
 42597 | Shoals:4 | Found a transporter.
 42597 | Shoals:4 | Found a transporter.
 43096 | Orc:1    | Entered Level 1 of the Orcish Mines
 43208 | Orc:2    | Entered Level 2 of the Orcish Mines
 43251 | Orc:2    | Found a staircase to the Elven Halls.
 43265 | Orc:2    | Found a runed translucent door.
 43267 | Orc:2    | Found a shimmering altar of Xom.
 43267 | Orc:2    | Noticed jpeg9000's ghost (journeyman TrSh)
 43291 | Orc:1    | Noticed Phlounder's ghost (journeyman DjFi)
 43292 | Orc:1    | Found a transporter.
 43367 | Orc:1    | Found a transporter.
 43726 | Orc:2    | Found Macleotz's General Store.
 43759 | Orc:2    | Bought a potion of heal wounds for 90 gold pieces
 43759 | Orc:2    | Bought a phial of floods for 720 gold pieces
 44579 | Orc:2    | Found Voefeha's Jewellery Boutique.
 44588 | Orc:2    | Found Idose's Jewellery Emporium.
 44593 | Orc:2    | Found Kychu's Assorted Antiques.
 44593 | Orc:2    | Found Bioxioqo's Book Emporium.
 44615 | Orc:2    | Bought the ring of Mistrust {rElec Dex+3 SInv} for 388 gold
                  | pieces
 44629 | Orc:2    | Bought a potion of haste for 310 gold pieces
 44629 | Orc:2    | Bought a scroll of teleportation for 93 gold pieces
 44632 | Orc:2    | Bought the ring of the Skies Above {*Corrode rF+++ rC+
                  | Will+ Slay+3} for 1053 gold pieces
 44811 | Crypt:3  | Identified the "Runisch"
 44811 | Elf:1    | Identified the of Nemai
 44811 | Elf:1    | Entered Level 1 of the Elven Halls
 44904 | Elf:1    | Found a magical portal.
 44910 | Elf:1    | Noticed Azrael
 44933 | Elf:1    | Killed Azrael
 44954 | WizLab   | Entered Maxwell's Workshop
 45500 | WizLab   | Found the +15 Maxwell's patent armour {-Cast -Tele rElec
                  | Will+ rCorr}
 45500 | WizLab   | Found the +2 Maxwell's thermic engine {flame, freeze, rev}
 45506 | WizLab   | Identified the ring of Incredulity {Fire Will++ Dex+3}
 45712 | WizLab   | Reached XP level 20. HP: 172/187 MP: 20/20
 45721 | WizLab   | Reached skill level 1 in Long Blades
 45831 | WizLab   | Noticed an electric golem
 45999 | WizLab   | Killed an electric golem
 46033 | WizLab   | Identified the ring "Qotyfim" {Ice rN+ Dex+7}
 46055 | WizLab   | Identified the amulet "Yzipig" {Faith *Slow +Blink rElec}
 46239 | Elf:1    | Reached skill level 10 in Throwing
 46247 | Elf:1    | Identified the +2 pair of gloves of Suulalol {Rampage Int-3
                  | SInv}
 46274 | Elf:1    | Noticed Zenata
 46293 | Elf:1    | HP: 5/176 [+0 battleaxe of draining[Zenata] (10)]
 46296 | Elf:1    | Killed Zenata
 47207 | Elf:1    | Noticed Agnes
 47213 | Elf:1    | Killed Agnes
 47956 | Elf:2    | Reached skill level 15 in Evocations
 48146 | Elf:2    | Noticed Jorgrun
 48154 | Elf:2    | Killed Jorgrun
 48226 | Elf:2    | Found a runed translucent gate.
 48226 | Elf:2    | Found a runed translucent gate.
 48229 | Elf:2    | Found a runed translucent gate.
 48252 | Elf:2    | Found Ubbaoh's Jewellery Boutique.
 48269 | Elf:2    | Bought the ring of Buodd {Fly Int+3} for 431 gold pieces
 48476 | Elf:2    | Noticed Louise
 48492 | Elf:2    | Reached skill level 24 in Axes
 48514 | Elf:2    | Killed Louise
 49119 | Elf:3    | Identified the "Hiacw"
 49119 | Elf:3    | Entered Level 3 of the Elven Halls
 49421 | Elf:3    | Reached skill level 5 in Long Blades
 49600 | Elf:3    | Reached XP level 21. HP: 195/195 MP: 21/21
 50155 | Elf:3    | Identified the amulet of Kutezut {RegenMP rPois rF+ Int-4
                  | Dex+3}
 50156 | Elf:3    | Identified the amulet "Hojatoid" {Spirit rElec rF++}
 50156 | Elf:3    | Identified the +0 chain mail of Pragmatism {Str+3}
 50199 | Elf:3    | Identified the +6 great sword "Peock" {venom, Int+4}
 50724 | Elf:3    | Found the +7 hand cannon "Mule" {flame, backblast, rF+}
 50730 | Elf:3    | Identified the +7 shortbow of Hepud Hinwia {heavy, rF+ rC++
                  | Str+2 Dex+3}
 50741 | Elf:3    | Found the +3 Elemental Staff {ele, rElec rF+ rC+ AC+3}
 50775 | Elf:3    | Identified the granite talisman "Qebliosm" {rF+ Dex+4}
 50781 | Elf:3    | Identified the staff of Sif Muna, Twisting {rC+ rN+ Str+2
                  | Int+3 Dex+3 Ice}
 50900 | Elf:3    | Found a runed translucent gate.
 50900 | Elf:3    | Found a runed translucent gate.
 50902 | Elf:3    | Found a runed translucent gate.
 50903 | Elf:3    | Found an opulent altar of Gozag.
 50903 | Elf:3    | Found Doask's Assorted Antiques.
 50905 | Elf:3    | Noticed jestert79's ghost (adept DjFE)
 50906 | Elf:3    | Found Zothrur's Assorted Antiques.
 50909 | Elf:3    | Paralysed by an air elemental for 1 turns
 50937 | Elf:3    | Killed jestert79's ghost
 51265 | Elf:3    | Bought a scroll of enchant armour for 277 gold pieces
 51273 | Elf:3    | Bought a scroll of silence for 323 gold pieces
 51273 | Elf:3    | Bought a scroll labelled OCUMEG CUQ ES RAT for 34 gold
                  | pieces
 51559 | Slime:1  | Entered Level 1 of the Pits of Slime
 52086 | Slime:3  | Paralysed by a formless jellyfish for 1 turns
 52359 | Slime:2  | Paralysed by a formless jellyfish for 1 turns
 53583 | Slime:5  | Entered Level 5 of the Pits of Slime
 53697 | Slime:4  | Gained mutation: You are dopey. (Int -2) [a shining eye]
 54231 | Slime:5  | Noticed Dissolution
 54282 | Slime:5  | Gained mutation: You are frail. (-10% HP) [a shining eye]
 54283 | Slime:5  | Killed Dissolution
 54294 | Slime:5  | Reached XP level 22. HP: 145/185 MP: 22/22
 54338 | Slime:5  | Noticed the Royal Jelly
 54349 | Slime:5  | Killed the Royal Jelly
 54871 | Slime:5  | Identified the ring "Luigoips" {rPois Int+4 Slay+4}
 54878 | Slime:5  | Identified the ring of Etanuaf {rPois rC+ rCorr}
 54884 | Slime:5  | Got a slimy rune of Zot
 54904 | Slime:5  | Identified the +5 robe "Koag Dua" {Drain *Slow Fly Int+8}
 55032 | Slime:5  | Identified the staff of the Uplifting Gods {rF+ Will+ Fire}
 55146 | Slime:5  | Found the necklace of Bloodlust {Fury *Rage Will++ Int-3
                  | Slay+6}
 55154 | Slime:5  | Identified the +0 scale mail "Yxoygyrr" {rF+}
 55178 | Slime:5  | Identified the granite talisman of the Swamp {Str+7}
 55870 | D:14     | Found a gate to the Vaults.
 55894 | Vaults:1 | Entered Level 1 of the Vaults
 55895 | Vaults:1 | Found Zapas's Antique Armour Shop.
 55978 | Vaults:1 | Noticed Donald
 56002 | Vaults:1 | Reached skill level 25 in Axes
 56010 | Vaults:1 | Killed Donald
 56018 | Vaults:1 | Identified the serpent talisman of Subjectivity {SInv}
 56018 | Vaults:1 | Noticed Aizul
 56034 | Vaults:1 | Killed Aizul
 56349 | Vaults:1 | Bought an embroidered cloak for 270 gold pieces
 56349 | Vaults:1 | Bought a glowing cloak for 270 gold pieces
 57262 | Vaults:2 | Found a staircase to the Crypt.
 57262 | Vaults:2 | Found an ancient bone altar of Kikubaaqudgha.
 57262 | Vaults:2 | Found a basalt altar of Yredelemnul.
 58056 | Vaults:3 | Noticed Xtahua
 58065 | Vaults:3 | Killed Xtahua
 58568 | Vaults:4 | Reached XP level 23. HP: 193/193 MP: 23/23
 59005 | Vaults:3 | Noticed Norris
 59025 | Vaults:3 | Killed Norris
 59995 | Vaults:4 | Reached skill level 10 in Long Blades
 61053 | Vaults:4 | Found Gazxyxia's Book Emporium.
 61196 | Vaults:5 | Entered Level 5 of the Vaults
 61395 | Vaults:5 | Noticed a golden dragon
 61520 | Vaults:5 | Reached XP level 24. HP: 189/203 MP: 23/23
 61553 | Vaults:5 | Found Feroxuh's Book Shoppe.
 61553 | Vaults:5 | Found Vahuyj's Antique Armour Shoppe.
 61555 | Vaults:5 | Found Xoofunt's Book Boutique.
 61576 | Vaults:5 | Reached skill level 26 in Axes
 61664 | Vaults:5 | Noticed Margery
 61682 | Vaults:5 | Killed Margery
 61853 | Vaults:5 | Noticed a dread lich
 61863 | Vaults:5 | Killed a dread lich
 62041 | Vaults:5 | Bought a pair of scorched boots for 475 gold pieces
 62041 | Vaults:5 | Identified the +2 pair of boots of Impermeability {Harm
                  | rPois Int-2 Dex+5} (You bought it in a shop on level 5 of
                  | the Vaults)
 62051 | Vaults:5 | Bought a manual of Staves for 1600 gold pieces
 63023 | Vaults:5 | Found Cuzygav's Magic Scroll Shoppe.
 63023 | Vaults:5 | Noticed Mara
 63025 | Vaults:5 | Noticed Doj's illusion
 63292 | Vaults:5 | Killed Mara
 63391 | Vaults:5 | Bought a scroll of enchant weapon for 97 gold pieces
 63391 | Vaults:5 | Bought a scroll of fear for 52 gold pieces
 63391 | Vaults:5 | Bought a scroll of teleportation for 39 gold pieces
 63391 | Vaults:5 | Bought a scroll of blinking for 97 gold pieces
 63391 | Vaults:5 | Bought a scroll of teleportation for 39 gold pieces
 63391 | Vaults:5 | Bought a scroll of blinking for 97 gold pieces
 63391 | Vaults:5 | Bought a scroll of enchant armour for 97 gold pieces
 63395 | Vaults:5 | Got a silver rune of Zot
 63651 | Vaults:5 | Found Ekogg's Magic Scroll Emporium.
 63655 | Vaults:5 | Bought a scroll of teleportation for 72 gold pieces
 63655 | Vaults:5 | Bought a scroll of revelation for 180 gold pieces
 63655 | Vaults:5 | Bought a scroll of enchant weapon for 180 gold pieces
 63655 | Vaults:5 | Bought a scroll of enchant armour for 180 gold pieces
 63655 | Vaults:5 | Bought a scroll of teleportation for 72 gold pieces
 63760 | Vaults:5 | Found Cunkusost's Distillery.
 63768 | Vaults:5 | Bought a potion of curing for 51 gold pieces
 63768 | Vaults:5 | Bought a potion of curing for 51 gold pieces
 63768 | Vaults:5 | Bought a potion of mutation for 136 gold pieces
 63768 | Vaults:5 | Bought a potion of heal wounds for 85 gold pieces
 63768 | Vaults:5 | Bought a potion of heal wounds for 85 gold pieces
 63768 | Vaults:5 | Bought a potion of curing for 51 gold pieces
 63775 | Vaults:5 | Found Zyhuum's Distillery.
 63780 | Vaults:5 | Bought a potion of might for 76 gold pieces
 63780 | Vaults:5 | Bought a potion of curing for 57 gold pieces
 63780 | Vaults:5 | Bought a potion of might for 76 gold pieces
 63780 | Vaults:5 | Bought a potion of ambrosia for 152 gold pieces
 63780 | Vaults:5 | Bought a potion of heal wounds for 95 gold pieces
 63794 | Vaults:5 | Found Vellig's Distillery.
 63794 | Vaults:5 | Found Guqo's Distillery.
 63799 | Vaults:5 | Bought a potion of haste for 220 gold pieces
 63799 | Vaults:5 | Bought a potion of curing for 66 gold pieces
 63805 | Vaults:5 | Found Numom's Magic Scroll Shop.
 63806 | Vaults:5 | Bought 2 potions of mutation for 224 gold pieces
 63806 | Vaults:5 | Bought a potion of heal wounds for 70 gold pieces
 63806 | Vaults:5 | Bought a potion of might for 56 gold pieces
 63806 | Vaults:5 | Bought a potion of haste for 140 gold pieces
 63806 | Vaults:5 | Bought 2 potions of might for 112 gold pieces
 63806 | Vaults:5 | Bought a potion of curing for 42 gold pieces
 63806 | Vaults:5 | Bought a potion of heal wounds for 70 gold pieces
 63806 | Vaults:5 | Bought a potion of resistance for 140 gold pieces
 63813 | Vaults:5 | Bought a scroll of teleportation for 51 gold pieces
 63813 | Vaults:5 | Bought a scroll of enchant weapon for 127 gold pieces
 63813 | Vaults:5 | Bought a scroll of immolation for 68 gold pieces
 63813 | Vaults:5 | Bought a scroll of teleportation for 51 gold pieces
 63813 | Vaults:5 | Bought a scroll of enchant armour for 127 gold pieces
 63950 | Vaults:5 | Found Abodumn's Jewellery Shoppe.
 65172 | Depths:1 | Entered Level 1 of the Depths
 65353 | Depths:1 | Reached XP level 25. HP: 178/212 MP: 23/23
 65443 | Depths:1 | Identified the +3 leather armour of Wisdom {-Tele Fly rCorr
                  | Int+2}
 65765 | Depths:1 | Found a white marble altar of Elyvilon.
 66861 | Depths:1 | Found a one-way gate to the infinite horrors of the Abyss.
 66875 | Depths:1 | Found a gateway to Hell.
 67162 | Depths:2 | Found a one-way gate leading to the halls of Pandemonium.
 67417 | Depths:2 | Paralysed by you for 2 turns
 67430 | Depths:2 | Identified the +8 spear of the Inviting Seeker {venom, MP+9
                  | Str+4 Int-3}
 68104 | Depths:3 | Found Gozag's Antique Armour Shop.
 68305 | Depths:3 | Found an opulent altar of Gozag.
 68368 | Depths:3 | Found Gozag's Antique Weapon Shop.
 68381 | Depths:3 | Found Gozag's Antique Weapon Boutique.
 68792 | Depths:3 | Found a sacrificial altar of Ru.
 68805 | Depths:4 | Entered Level 4 of the Depths
 68836 | Depths:4 | Noticed Vv
 69009 | Depths:3 | Killed Vv
 69527 | Depths:3 | Found a one-way gateway to a ziggurat.
 69626 | Depths:3 | Identified the +0 hat of the Wumpus {rC++ Int+2 Slay+3
                  | SInv}
 69668 | Depths:3 | Found a radiant altar of Vehumet.
 69678 | Depths:3 | Reached skill level 27 in Axes
 69691 | Depths:3 | Identified the +3 robe "Ugaem" {rC- Str-4 Int+6 SInv}
 69699 | Depths:3 | Identified the +2 robe "Luer" {Contam rElec rF+ rC+}
 70486 | Depths:4 | Reached XP level 26. HP: 199/222 MP: 23/23
 70568 | Depths:4 | Found a gate to the Realm of Zot.
 70646 | Depths:4 | Found a runed translucent gate.
 70646 | Depths:4 | Found a runed translucent gate.
 70658 | Depths:4 | Found a runed translucent gate.
 70923 | Depths:4 | Found a runed translucent gate.
 70923 | Depths:4 | Found a runed translucent gate.
 70926 | Depths:4 | Noticed Ytsage's ghost (veteran GnWn)
 70928 | Depths:4 | Found a runed translucent gate.
 71110 | Depths:4 | Found a sparkling altar of Nemelex Xobeh.
 71150 | Depths:4 | Voluntarily entered the Abyss.
 71162 | Abyss:1  | Found a corrupted altar of Lugonu.
 72080 | Abyss:2  | Identified the "Gafoeremn"
 72308 | Abyss:2  | Noticed a dread lich
 72317 | Abyss:2  | Killed a dread lich
 72375 | Abyss:2  | Reached skill level 15 in Throwing
 72647 | Abyss:3  | Found a corrupted altar of Lugonu.
 72656 | Abyss:3  | Found a corrupted altar of Lugonu.
 72786 | Abyss:3  | Found a corrupted altar of Lugonu.
 72803 | Abyss:3  | Got an abyssal rune of Zot
 72831 | Abyss:3  | Paralysed by accursed screaming for 1 turns
 72921 | Depths:4 | Escaped the Abyss
 73497 | D:7      | Fell from the grace of Gozag
 73497 | D:7      | Became a worshipper of the Shining One
 73873 | Crypt:1  | Entered Level 1 of the Crypt
 73895 | Crypt:1  | Reached * piety under the Shining One
 74235 | Crypt:1  | Reached ** piety under the Shining One
 74315 | Crypt:2  | Reached *** piety under the Shining One
 74622 | Crypt:1  | Reached XP level 27. HP: 232/232 MP: 23/23
 74633 | Crypt:2  | Reached **** piety under the Shining One
 74904 | Crypt:2  | Reached ***** piety under the Shining One
 74932 | Crypt:2  | Acquired the +1 crystal plate armour of Leapfrog {Will++
                  | rCorr Int-5 Dex+3}
 75171 | Crypt:2  | Reached skill level 15 in Long Blades
 75196 | Crypt:3  | Entered Level 3 of the Crypt
 75415 | Crypt:2  | Reached ****** piety under the Shining One
 75808 | Crypt:3  | Identified a +7 broad axe of holy wrath (a +5 broad axe of
                  | distortion blessed by the Shining One)
 75808 | Crypt:3  | Received a gift from the Shining One
 75950 | Crypt:3  | Reached skill level 1 in Invocations
 75971 | Crypt:3  | Found an ancient bone altar of Kikubaaqudgha.
 75976 | Crypt:3  | Noticed Grunn
 75989 | Crypt:3  | Reached skill level 5 in Invocations
 75996 | Crypt:3  | Killed Grunn
 76160 | Crypt:3  | Identified the staff of Rotation {rC+ Str+4 Ice}
 76232 | Crypt:3  | Found the +7 great mace "Undeadhunter" {deathbane, rN+}
 76263 | Crypt:3  | Identified the +1 short sword of Havoc {drain, rPois rC+}
 76273 | Crypt:3  | Identified the ring of Xeunyorgh {rElec rN+ Str+4 Dex+3}
 76273 | Crypt:3  | Identified the ring "Acse Pof" {rF- rN+ Int+2 SInv}
 76273 | Crypt:3  | Identified the ring of Joy {Contam rElec rC+ rN+ Will+
                  | Slay+2}
 76274 | Crypt:3  | Identified the ring of Ylaapid {+Blink rPois rF+ Str-2}
 76424 | Crypt:3  | Found a staircase to the Tomb.
 76424 | Crypt:3  | Noticed Khufu
 76430 | Crypt:3  | Reached skill level 10 in Invocations
 76435 | Crypt:3  | Killed Khufu
 76435 | Crypt:3  | Lost intelligence.
 76472 | Crypt:3  | Identified the ring of Beogh's Approval {rF+ Will- EV+5
                  | Slay+5 Stlth-}
 76764 | Crypt:3  | Lost mutation: You are frail. (-10% HP) [potion of
                  | mutation]
 76764 | Crypt:3  | Lost mutation: You are dopey. (Int -2) [potion of mutation]
 76764 | Crypt:3  | Gained mutation: You do not regenerate when monsters are
                  | visible. [potion of mutation]
 76764 | Crypt:3  | Gained mutation: Your flesh is cold resistant. (rC+)
                  | [potion of mutation]
 76764 | Crypt:3  | Gained mutation: You expend magic power (3 MP) to
                  | strengthen your wands. [potion of mutation]
 77564 | Depths:3 | Fell from the grace of the Shining One
 77564 | Depths:3 | Became a worshipper of Gozag Ym Sagoz the Greedy
 77620 | Hell     | Entered the Vestibule of Hell
 77620 | Hell     | Noticed Geryon
 77622 | Abyss:3  | Cast into level 3 of the Abyss (hell knight)
 77641 | Hell     | Escaped the Abyss
 77648 | Hell     | Killed Geryon
 77732 | Hell     | Reached skill level 15 in Invocations
 78191 | Hell     | Found a gateway to the freezing wastes of Cocytus.
 78368 | Hell     | Found a gateway to the ashen valley of Gehenna.
 78482 | Hell     | Found a gateway to the decaying netherworld of Tartarus.
 78638 | Hell     | Found a gateway to the Iron City of Dis.
 78716 | Tar:7    | Identified the "Ickauppu"
 78716 | Tar:7    | Identified the "Ycyatred"
 78716 | Coc:7    | Identified the of Ufeam
 78716 | Geh:1    | Entered Level 1 of Gehenna
 79126 | Geh:1    | Lost mutation: You expend magic power (3 MP) to strengthen
                  | your wands. [potion of mutation]
 79126 | Geh:1    | Lost mutation: You do not regenerate when monsters are
                  | visible. [potion of mutation]
 79126 | Geh:1    | Gained mutation: Your flesh is very cold resistant. (rC++)
                  | [potion of mutation]
 79126 | Geh:1    | Gained mutation: You are partially covered in iridescent
                  | scales. (AC +2) [potion of mutation]
 81385 | Geh:4    | Reached skill level 1 in Dodging
 81518 | Geh:5    | You fall into a shaft and drop 1 floor!
 81756 | Geh:7    | Entered Level 7 of Gehenna
 82283 | Geh:7    | Noticed the Serpent of Hell
 82314 | Geh:7    | Killed the Serpent of Hell
 83142 | Geh:7    | Identified the +8 morningstar "Piosina" {flame, rN+}
 83345 | Geh:7    | Identified the +4 arbalest "Qiumossy" {freeze, Stlth+}
 83725 | Geh:7    | Found the +13 sceptre of Asmodeus
 83725 | Geh:7    | Noticed Asmodeus
 83758 | Geh:7    | Killed Asmodeus
 83798 | Geh:7    | Got an obsidian rune of Zot
 84066 | Coc:1    | Entered Level 1 of Cocytus
 84674 | Coc:2    | Noticed a dread lich
 84893 | Pan      | Identified the "Gituafa"
 84893 | Pan      | Entered Pandemonium
 85393 | Pan      | Noticed Sonad the pandemonium lord
 85402 | Pan      | Killed Sonad the pandemonium lord
 86285 | Pan      | Gained mutation: You occasionally lose the ability to read
                  | scrolls when taking damage. [a neqoxec]
 86448 | Pan      | Gained mutation: You are frail. (-10% HP) [a neqoxec]
 86706 | Pan      | Noticed Geggoal the pandemonium lord
 86720 | Pan      | Killed Geggoal the pandemonium lord
 87120 | Pan      | Got a demonic rune of Zot
 87668 | Pan      | Reached skill level 5 in Dodging
 87808 | Pan      | Identified the "Esimyman"
 88225 | Pan      | Found an exit through the horrors of the Abyss.
 88272 | Pan      | Noticed Minuuse the pandemonium lord
 88302 | Pan      | Killed Minuuse the pandemonium lord
 88344 | Depths:3 | Escaped Pandemonium
 88390 | Zot:1    | Entered Level 1 of the Realm of Zot
 89004 | Zot:1    | Noticed an orb of fire
 89010 | Zot:1    | Gained mutation: Your body sometimes deteriorates upon
                  | taking damage. [an orb of fire]
 89015 | Zot:1    | Killed an orb of fire
 92569 | Zot:4    | Reached skill level 1 in Maces & Flails
 92729 | Zot:4    | Found a runed translucent door.
 92735 | Zot:4    | Noticed Pessaschasee's ghost (legendary HOFi)
 92764 | Zot:4    | Identified the ring of Koekoel {Ice *Slow rN+ MP+9 Str+2}
 92764 | Zot:4    | Noticed Josephina
 92774 | Zot:4    | Killed Josephina
 93216 | Zot:5    | Entered Level 5 of the Realm of Zot
 93847 | Zot:5    | Noticed an orb of fire
 93986 | Zot:5    | Noticed a dread lich
 93994 | Zot:5    | Noticed an ancient lich
 93995 | Zot:5    | Noticed an orb of fire
 93998 | Zot:5    | Noticed an orb of fire
 93998 | Zot:5    | Noticed an orb of fire
 94005 | Zot:5    | Noticed an orb of fire
 94006 | Zot:5    | Noticed an orb of fire
 94034 | Zot:5    | Noticed an orb of fire
 94045 | Zot:5    | Noticed an orb of fire
 94050 | Zot:5    | Gained mutation: You occasionally lose the ability to drink
                  | potions when taking damage. [an orb of fire]
 94051 | Zot:5    | Gained mutation: You passively map a small area around you.
                  | [an orb of fire]
 94053 | Zot:5    | Noticed an orb of fire
 94055 | Zot:5    | Noticed an orb of fire
 94055 | Zot:5    | Killed an orb of fire
 94068 | Zot:5    | Killed an orb of fire
 94071 | Zot:5    | Gained mutation: You have hidden genetic defects. [an orb
                  | of fire]
 94072 | Zot:5    | Killed an orb of fire
 94080 | Zot:5    | Got the Orb of Zot
 94247 | Depths:3 | Noticed Hammarai the pandemonium lord
 94551 | D:5      | Noticed Folut the pandemonium lord
 94561 | D:5      | Killed Folut the pandemonium lord
 94567 | D:5      | Gained mutation: You have terrible hidden genetic defects.
                  | [mutagenic glow]
 94591 | D:3      | Gained mutation: Your body often deteriorates upon taking
                  | damage. [mutagenic glow]
 94599 | D:3      | Gained mutation: You occasionally shout uncontrollably at
                  | your foes. [mutagenic glow]
 94681 | D:$      | Escaped with the Orb!

Illustrated notes

Levels and vault maps discovered:
D:1:      reono_arrival_mine, layout_rooms
D:2:      cheibrodos_greedy_goblins, layout_loops_ring,
          nicolae_ecumenical_pavilion, kennysheep_another_room
D:3:      layout_basic, jmf_multi_god_temple, serial_shops, shop,
          hellmonk_ghost_happy_afterlife, nicolae_nh_oracle_at_delphi
D:4:      layout_gridville
D:5:      layout_rooms, nicolae_titane, uniq_menkaure
D:6:      layout_rooms, amcnicky_mini_rare_corridor_liquid, uniq_sigmund,
          uniq_blork_the_orc
D:7:      layout_gridville, nicolae_tso_swordbearing_angel,
          minmay_temple_entry_mist, gammafunk_ghost_arena, nrook_mini_backslash,
          roderic_batcave, chequers_guarded_unrand_ignorance
D:8:      layout_gridville
D:9:      layout_loops_ring, hellmonk_lair_entry_icy, glass_columns_a,
          nicolae_underground_beach
D:10:     layout_basic
D:11:     layout_basic, erik_orc_2, ebering_ghost_reflecting_pool,
          nicolae_letterblocks [nicolae_letter_subblock,
          nicolae_letter_subblock, nicolae_letter_subblock,
          nicolae_letter_subblock, nicolae_letter_subblock,
          nicolae_letter_subblock, nicolae_letter_subblock,
          nicolae_letter_subblock, nicolae_letter_subblock,
          nicolae_letter_subblock, nicolae_letter_subblock,
          nicolae_letter_subblock, nicolae_letter_subblock,
          nicolae_letter_subblock, nicolae_letter_subblock,
          nicolae_letter_subblock, nicolae_letter_subblock,
          nicolae_letter_subblock, nicolae_letter_subblock,
          nicolae_letter_subblock, nicolae_letter_subblock,
          nicolae_letter_subblock, nicolae_letter_subblock,
          nicolae_letter_subblock, nicolae_letter_subblock]
D:12:     layout_irregular_city, columned_hall_lemuel
D:13:     layout_loops_ring, special_room [special_room_bee], serial_rivers,
          chequers_serial_rivers_small_3, chequers_serial_rivers_micro_b,
          chequers_serial_rivers_large_a, chequers_serial_rivers_small_3,
          chequers_serial_rivers_micro_d
D:14:     layout_cave_pools, ximxim_vaults_locker_room
D:15:     hangedman_depths_entry_try_elsewhere_first, layout_layer_cave,
          minmay_misc_feat_x
Temple:   compressed_dpeg_triangle_lava_temple
Lair:1:   layout_cave_pods, dreamdust_wasp_nest, serial_bayou_shore_b,
          uniq_fannar
Lair:2:   layout_small_grid, spider_nest_entry_web_field,
          grunt_forest_stairs_basic, grunt_megastairs_2
Lair:3:   layout_long_grid, nicolae_shoals_entry_flooding,
          gauntlet_entry_generic, nicolae_lair_run_with_the_wolves
Lair:4:   nzn_winding_woodlands_large [nzn_winding_woodlands_5x5_cross,
          nzn_winding_woodlands_5x15_sawtooth,
          nzn_winding_woodlands_5x5_perimeter,
          nzn_winding_woodlands_center_pierced_h,
          nzn_winding_woodlands_15x15_killbox,
          nzn_winding_woodlands_center_garden,
          nzn_winding_woodlands_5x5_default, nzn_winding_woodlands_5x15_zeroes,
          nzn_winding_woodlands_5x5_default], layout_big_grid,
          nicolae_slime_entry_field_trip, serial_bayou_shore_b
Lair:5:   due_jungle_book, layout_gridlike, gammafunk_ghost_berserking_beasts,
          nicolae_lair_liquid_snakes
Shoals:1: dreamdust_from_the_deep, layout_shoals
Shoals:2: layout_shoals, ebering_ghost_inner_flame
Shoals:3: layout_shoals, serial_shops, shop
Shoals:4: shoals_end_simple, layout_shoals, serial_nicolae_subway,
          nicolae_sub_station_crystal, nicolae_sub_station_stone,
          nicolae_sub_station_metal
Spider:1: layout_chambers, uniq_kirke, uniq_rupert
Spider:2: layout_chambers, uniq_mlioglotl
Spider:3: spiders_nest_a
Spider:4: hellmonk_spider_rune_endless_swarm, nicolae_spider_swamp_cousins
Slime:1:  layout_caves
Slime:2:  cheibrodos_slime_lost_civilization_1, layout_caves,
          nicolae_slime_crime_time
Slime:3:  layout_caves
Slime:4:  layout_caves, nicolae_slime_phagocytosis
Slime:5:  slime_pit_nicolae_inversion, uniq_dissolution
Orc:1:    layout_caves, gammafunk_ghost_stat_death
Orc:2:    st_orc_elflike, layout_diamond_mine, serial_shops,
          nicolae_shop_temple_entry_statues_fountains, ebering_ghost_xom
Elf:1:    eino_elf_arrival_customs, layout_loops_ring,
          infiniplex_enter_wizlab_water, minmay_elf_sorcery,
          nicolae_elf_variegated_diamond, uniq_agnes, uniq_azrael, uniq_zenata
Elf:2:    elven_hall_of_blades_hangedman_original [nicolae_blade_lattice],
          layout_loops_cross, serial_shops, nicolae_shop_hallway_plus,
          guppyfry_elf_garden, uniq_louise, uniq_jorgrun
Elf:3:    elf_hall, layout_gridlike, ebering_ghost_gozag
Vaults:1: nicolae_vaults_surprise_closet, v_misc_29, vaults_mumra_chevron_long,
          nicolae_vaults_stairing_the_circle,
          nicolae_vaults_trapezoid_lopsided_1, nicolae_vaults_sesquioval_fish,
          v_misc_13, nicolae_vaults_specimen_jars,
          nicolae_vaults_trapezoid_layered, vaults_mumra_lcd,
          layout_vaults_omnibox, serial_shops, nicolae_shop_window_shopping,
          uniq_aizul, uniq_donald
Vaults:2: ontoclasm_vaults_fault, ontoclasm_vaults_misaligned,
          nicolae_vaults_variable_pillar_hall, minmay_crypt_entry_necro_gods,
          ontoclasm_vaults_idyll, v_alt_pattern_1, v_misc_2,
          nicolae_vaults_closet_pinwheel_3, ontoclasm_vaults_claustrophobia,
          ontoclasm_vaults_gateway, v_misc_9, nicolae_vaults_triangles,
          v_misc_24, nicolae_vaults_hexular_roomagon,
          vaults_dpeg_emergency_exit, hangedman_vaults_capsules,
          layout_vaults_ring
Vaults:3: nicolae_vaults_swerve, v_misc_33, nicolae_vaults_network_s,
          hangedman_vaults_unwind, hangedman_vaults_slice,
          ontoclasm_vaults_spin, nicolae_vaults_little_squares_1,
          hangedman_vaults_corner, ontoclasm_vaults_tryst, vaults_room_pool,
          nicolae_vaults_back_hallway, nicolae_vaults_tetromino_Z_1,
          nicolae_vaults_trapezoid_1, layout_vaults_maze_snakey, uniq_xtahua,
          uniq_norris
Vaults:4: nicolae_vaults_murderbox, nicolae_vaults_arrows,
          nicolae_vaults_trapezoid_lopsided_3, vaults_room_fours,
          vaults_room_fours, vaults_room_boxed, grunt_vaults_hallway_short,
          vaults_room_mumra_shop_pool, nicolae_vaults_apartment_1,
          layout_vaults_omnigrid
Vaults:5: uniq_mara, uniq_margery
Crypt:1:  layout_misc_corridors
Crypt:2:  layout_gridlike, serial_corexii_hall, corexii_hall_statues_deadend,
          corexii_hall_statues_l
Crypt:3:  grunt_crypt_end_deaths_head, uniq_grunn
Depths:1: layout_cave_shapes, grunt_hell_entry_dis_mu, abyss_entry,
          grunt_decor_fettered, elyvilon_altar_1, grunt_megastairs_3
Depths:2: gammafunk_mikee_crab_dinner, layout_cave_pools, pf_coc_iceberg,
          pan_entry, hangedman_abyss_entry_splay
Depths:3: kennysheep_gozag_temple, layout_gridlike, enter_ziggurat_f,
          nicolae_ru_awakened_eye, hell_entry, abyss_entry,
          rand_demon_pan_entry_7, grunt_tower_of_power
Depths:4: grunt_zot_entry_alcove, layout_cave_pools, abyss_entry, hell_entry,
          ploomutoo_gammafunk_ghost_potion_laboratory,
          nemelex_diamond_rough_becter, uniq_vv
Hell
Geh:1:    layout_gehenna_pools_triple
Geh:2:    layout_gehenna_pools_box, gehenna_fire_generator, nicolae_geh_lavax
Geh:3:    layout_gehenna_pools_basic
Geh:4:    nicolae_geh_erupted_tower, layout_gehenna_lava_caves
Geh:5:    nicolae_geh_symmetric_flows, layout_gehenna_pools_triple,
          gehenna_fire_generator, nicolae_geh_gnashing_of_teeth
Geh:6:    layout_gehenna_lava_caves
Geh:7:    geh_grunt
Coc:1:    layout_cocytus_water_paths
Coc:2:    layout_cocytus_water_paths
Zot:1:    layout_misc_corridors, hangedman_zot_diagonal_lockstep
Zot:2:    layout_basic, st_single_dragon_hoard_2
Zot:3:    layout_twisted_circle
Zot:4:    layout_basic, hellmonk_ghost_big_iron,
          regret_index_zotdec_twisting_globes, uniq_josephina
Zot:5:    layout_onion

Skill      XL: |  1  2  3  4  5  6  7  8  9 10 11 12 13 14 15 16 17 18 19 20 21 22 23 24 25 26 27 |
---------------+----------------------------------------------------------------------------------+-----
Axes           | 3 4 5 6 8 9 11 14 15 16 17 18 19 20 21 22 23 24 25 26 27 | 27.0
Fighting       | 5 7 8 10 11 13 14 15 16 17 18 19 20 21 22 23 25 | 25.2
Evocations     | 2 4 6 7 9 10 11 12 13 14 15 16 17 18 19 20 | 20.9
Armour         | 4 6 8 9 10 12 13 14 15 16 17 18 19 20 21 23 | 23.1
Shields        | 4 6 8 9 10 12 13 14 15 16 17 18 19 20 21 23 | 23.0
Throwing       | 3 5 7 8 9 10 11 12 13 14 15 17 | 17.5
Long Blades    | 5 7 9 10 12 13 14 17 | 17.9
Invocations    | 20 | 20.3
Dodging        | 7 |  7.5
Maces & Flails | 4 |  4.1

Action                     |  1- 3 |  4- 6 |  7- 9 | 10-12 | 13-15 | 16-18 | 19-21 | 22-24 | 25-27 || total
---------------------------+-------+-------+-------+-------+-------+-------+-------+-------+-------++-------
  Melee: War axe           |    91 |    45 |       |       |       |       |       |       |       ||   136
         Broad axe         |       |   111 |   225 |   677 |   965 |  1319 |  1272 |  1215 |  2680 ||  8464
         Morningstar       |       |       |       |       |    35 |       |       |       |       ||    35
         Eveningstar       |       |       |       |       |       |       |       |       |   297 ||   297
         Double sword      |       |       |       |       |       |       |       |       |     8 ||     8
  Throw: Stone             |       |       |    17 |    69 |    19 |       |       |       |       ||   105
         Boomerang         |       |       |       |       |     2 |    28 |    32 |   144 |   161 ||   367
         Javelin           |       |       |       |       |       |     1 |     8 |    35 |    19 ||    63
         Throwing net      |       |       |       |       |       |       |       |     1 |       ||     1
 Invoke: Potion Petition   |       |       |       |     3 |     1 |     1 |     4 |     4 |    15 ||    28
         Bribe Branch      |       |       |       |       |       |       |       |       |     3 ||     3
         Summon Divine War |       |       |       |       |       |       |       |       |     1 ||     1
         Brand Weapon With |       |       |       |       |       |       |       |       |     1 ||     1
  Evoke: Lightning rod     |       |       |       |       |     2 |       |     2 |     1 |       ||     5
         Condenser vane    |       |       |       |       |     1 |     1 |     1 |     1 |     1 ||     5
         Phantom mirror    |       |       |       |       |       |       |     1 |     1 |     2 ||     4
         Box of beasts     |       |       |       |       |       |       |       |     1 |       ||     1
         Wand              |       |       |       |       |       |       |       |       |     2 ||     2
         Horn of Geryon    |       |       |       |       |       |       |       |       |     1 ||     1
         Phial of floods   |       |       |       |       |       |       |       |       |     1 ||     1
    Use: Scroll            |       |     6 |     6 |     5 |    14 |     9 |     6 |     3 |    15 ||    64
         Potion            |       |       |     1 |     2 |       |     1 |     1 |     3 |    12 ||    20
   Stab: Distracted        |       |       |       |     1 |     6 |    18 |     5 |     8 |    25 ||    63
         Held in net/web   |       |       |       |       |       |     2 |       |       |       ||     2
         Invisible         |       |       |       |       |       |       |       |     2 |     7 ||     9
         Paralysed         |       |       |       |       |       |       |       |       |     1 ||     1
 Armour: Scale mail        |    84 |    13 |       |       |       |       |       |       |       ||    97
         Plate armour      |       |   141 |   214 |   564 |   766 |   550 |   402 |   574 |  1413 ||  4624
         Chain mail        |       |       |       |       |       |    91 |   196 |       |       ||   287
         Skin              |       |       |       |       |       |       |       |       |     3 ||     3
  Dodge: Dodged            |    59 |    43 |    56 |   180 |   199 |   146 |   127 |   134 |   332 ||  1276
  Block: Buckler           |    30 |    36 |    35 |   142 |   179 |       |       |       |       ||   422
         Tower shield      |       |       |       |       |   443 |  1606 |  1274 |  1222 |  3130 ||  7675
         Reflection        |       |       |       |       |       |    41 |    81 |    84 |    47 ||   253

Table legend: (Time is in decaauts)
 A = Elapsed time spent in this place.
 B = Non-inter-level travel time spent in this place.
 C = Inter-level travel time spent in this place.
 D = Time resting spent in this place.
 E = Time spent auto-exploring this place.
 F = Levels seen in this place.
 G = Mean time per level.
                   A        B        C        D        E       F      G
               +--------+--------+--------+--------+--------+-----+--------+
         Total |  93099 |  88367 |   4732 |  30778 |  33487 |  76 | 1225.0 |
       Dungeon |  23612 |  21577 |   2035 |   9035 |   7609 |  15 | 1574.1 |
        Temple |     18 |      2 |     16 |      0 |      0 |   1 |   18.0 |
          Lair |   7759 |   7197 |    562 |   2012 |   3602 |   5 | 1551.8 |
        Shoals |   4956 |   4810 |    146 |   1758 |   1092 |   4 | 1239.0 |
   Spider Nest |   8009 |   7889 |    120 |   2833 |   3071 |   4 | 2002.2 |
    Slime Pits |   3916 |   3796 |    120 |   1102 |   1681 |   5 |  783.2 |
  Orcish Mines |   1708 |   1658 |     50 |    379 |    923 |   2 |  854.0 |
   Elven Halls |   5204 |   5058 |    146 |   1637 |   1968 |   3 | 1734.7 |
        Vaults |   8374 |   7861 |    513 |   1691 |   4357 |   5 | 1674.8 |
         Crypt |   3377 |   3303 |     74 |   1516 |   1042 |   3 | 1125.7 |
        Depths |   6378 |   5861 |    517 |   1910 |   2439 |   4 | 1594.5 |
          Hell |   1782 |   1765 |     17 |    984 |    422 |   1 | 1782.0 |
       Gehenna |   4579 |   4323 |    256 |   1773 |   1271 |   7 |  654.1 |
       Cocytus |    594 |    562 |     32 |    221 |    249 |   2 |  297.0 |
           Zot |   5679 |   5553 |    126 |   1496 |   2667 |   5 | 1135.8 |
         Abyss |   1673 |   1673 |      0 |     75 |    442 |   4 |  418.2 |
   Pandemonium |   3355 |   3355 |      0 |   1324 |    433 |   4 |  838.8 |
        Wizlab |   1183 |   1183 |      0 |    530 |    200 |   1 | 1183.0 |
      Gauntlet |    934 |    934 |      0 |    497 |     15 |   1 |  934.0 |
               +--------+--------+--------+--------+--------+-----+--------+

Top non-repeatable levels by time:
    D:11: 3042 daAuts
     D:7: 2455 daAuts
    D:13: 2426 daAuts
Depths:3: 2388 daAuts
Spider:4: 2322 daAuts
Vaults:5: 2273 daAuts
Spider:1: 2219 daAuts
   Geh:7: 2192 daAuts
   Elf:3: 2125 daAuts
  Lair:5: 2076 daAuts
Vaults:4: 2075 daAuts
Spider:2: 2069 daAuts
     D:6: 1909 daAuts
 Crypt:3: 1895 daAuts
   Zot:2: 1787 daAuts
